 Seeded DCSS version 0.29-a0-11-ga75d3d97ab (webtiles) character file.

Game seed: 11958158633527137400 (custom seed)

5165 croobank the Ducker (level 10, -1/68 HPs)
             Began as a Gnoll Arcane Marksman on Jan 28, 2022.
             Was a Believer of Hepliaklqana.
             Slain by a fire elemental (11 damage)
             ... summoned by a deep elf pyromancer
             ... on level 7 of the Dungeon.
             The game lasted 00:44:45 (7324 turns).

croobank the Ducker (Gnoll Arcane Marksman)         Turns: 7324, Time: 00:44:46

Health: -1/68      AC:  4    Str: 13    XL:     10   Next: 59%
Magic:  2/19       EV: 15    Int: 14    God:    Hepliaklqana [**....]
Gold:   250        SH:  0    Dex: 17    Spells: 5/21 levels left

rFire   . . .      SeeInvis .   o - +11 shortbow "Nenung" {speed, Fragile Str+2 Dex+3}
rCold   . . .      Faith    .   (shield currently unavailable)
rNeg    + . .      Spirit   .   j - +0 leather armour
rPois   .          Reflect  .   (no helmet)
rElec   .          Harm     .   k - +0 cloak
rCorr   .          Rampage  .   (no gloves)
Will    .....                   (no boots)
Stlth   +++.......              (no amulet)
HPRegen 0.21/turn               L - ring of positive energy
MPRegen 0.16/turn               i - ring of wizardry

@: portalling projectiles, freezing walls
A: reduced essence, fangs 1, strong nose, distributed training
a: Renounce Religion, Recall Ancestor, Ancestor Identity


You were on level 7 of the Dungeon.
You worshipped Hepliaklqana.
Hepliaklqana was pleased with you.
You visited 1 branch of the dungeon, and saw 7 of its levels.

You collected 250 gold pieces.

Inventory:

Hand Weapons
 a - a +1 dagger of speed
 b - a +0 shortbow
 c - a +2 long sword of freezing
 o - the +11 shortbow "Nenung" (weapon) {speed, Fragile Str+2 Dex+3}
   (You found it on level 3 of the Dungeon)

   Attacks with this weapon are significantly faster.
   Str:       It affects your strength (+2).
   Dex:       It affects your dexterity (+3).
   Fragile:   It will be destroyed if unequipped.
 q - a +0 dire flail
 r - a +0 war axe
 s - a +3 hand axe
 u - a +0 hunting sling
 F - a +0 antimagic trident
 G - a +3 dagger
 H - a +5 halberd
 I - a +3 dire flail of freezing
Missiles
 h - 300 stones
 w - 19 sling bullets
 y - 6 poisoned darts
 z - 2 javelins (quivered)
 N - an arrow (quivered ammo)
Armour
 d - a +0 robe
 e - a +0 ring mail
 j - a +0 leather armour (worn)
 k - a +0 cloak (worn)
 n - a +0 scale mail
 D - a +0 plate armour
Jewellery
 i - a ring of wizardry (right hand)
 p - a ring of flight
 L - a ring of positive energy (left hand)
Wands
 t - a wand of polymorph (10)
 J - a wand of acid (9)
Scrolls
 v - a scroll of immolation {unknown}
 x - 2 scrolls of fog
 A - a scroll of blinking {unknown}
 C - 2 scrolls of noise
 E - a scroll of amnesia {unknown}
 K - a scroll of enchant weapon {unknown}
 M - a scroll of fear {unknown}
Potions
 f - 2 potions of brilliance
 g - 2 potions of haste
 l - 2 potions of curing
 B - a potion of ambrosia


   Skills:
 + Level 6.1 Fighting
 + Level 5.4 Short Blades
 + Level 5.4 Long Blades
 + Level 5.4 Axes
 + Level 5.4 Maces & Flails
 + Level 5.4 Polearms
 + Level 5.4 Staves
 + Level 5.4 Slings
 + Level 7.2 Bows
 + Level 5.4 Crossbows
 + Level 5.4 Throwing
 + Level 5.4 Armour
 + Level 7.2 Dodging
 + Level 5.4 Stealth
 + Level 5.4 Shields
 + Level 5.4 Unarmed Combat
 + Level 6.2 Spellcasting
 + Level 4.4 Conjurations
 + Level 7.1 Hexes
 + Level 4.4 Summonings
 + Level 4.4 Necromancy
 + Level 4.4 Translocations
 + Level 4.4 Transmutations
 + Level 4.4 Fire Magic
 + Level 4.4 Ice Magic
 + Level 4.4 Air Magic
 + Level 4.4 Earth Magic
 + Level 4.4 Poison Magic
 + Level 6.0 Invocations
 + Level 5.4 Evocations


You had 5 spell levels left.
You knew the following spells:

 Your Spells              Type           Power      Damage    Failure   Level
a - Slow                  Hex            96%        N/A       1%          1
b - Freeze                Ice            64%        1d8       1%          1
c - Cause Fear            Hex            12%        N/A       4%          4
d - Frozen Ramparts       Ice            32%        1d5       3%          3
e - Hailstorm             Conj/Ice       16%        3d6       12%         4
f - Portal Projectile     Hex/Tloc       40%        N/A       2%          3

Your spell library contained the following spells:

 Spells                   Type           Power      Damage    Failure   Level
 Inner Flame              Hex/Fire       20%        N/A       2%          3


Dungeon Overview and Level Annotations

Branches:
Dungeon (7/15)             Temple (0/1) D:6

Altars:
Fedhas
Hepliaklqana
Kikubaaqudgha
Ru
Vehumet
Xom
The Shining One

Annotations:
D:6 2 transporters


Innate Abilities, Weirdness & Mutations

Your life essence is reduced to manifest your ancestor. (-10% HP)
You have very sharp teeth.
Your uncanny sense of smell can sniff out nearby items.
Your experience applies equally to all skills.


Message History

Akhenaten resists.
The wall freezes the fire elemental.
The fire elemental hits you. The fire elemental burns you!
* * * LOW HITPOINT WARNING * * *
Casting: Frozen Ramparts (dangerous; 3% risk of failure)
Confirm with . or Enter, or press ? or * to list all spells.
Aiming: Slow (safe; 1% risk of failure)
Press: ? - help, Shift-Dir - straight line, f - deep elf pyromancer
Aim: a deep elf pyromancer, wielding a +0 rapier (almost dead, slow, ally target, chance to affect: 47%)
The deep elf pyromancer resists with some effort.
The wall freezes the fire elemental.
The fire elemental hits you. The fire elemental burns you!
* * * LOW HITPOINT WARNING * * *
You feel much better.
The wall freezes the fire elemental.
The fire elemental closely misses you.
The wall freezes the fire elemental.
The fire elemental hits you. The fire elemental burns you!
* * * LOW HITPOINT WARNING * * *
You feel much better.
The wall freezes the fire elemental but does no damage.
The fire elemental closely misses you.
The wall freezes the fire elemental.
The fire elemental hits you. The fire elemental burns you!
The deep elf pyromancer casts a spell.
The deep elf pyromancer blinks!
The fire elemental is frozen!
The wall freezes the fire elemental.
The fire elemental completely misses you.
The fire elemental is frozen!
The wall freezes the fire elemental.
The fire elemental hits you. The fire elemental burns you!
* * * LOW HITPOINT WARNING * * *
Casting: Slow (safe; 1% risk of failure)
Confirm with . or Enter, or press ? or * to list all spells.
Okay, then.
Casting: Slow (safe; 1% risk of failure)
Confirm with . or Enter, or press ? or * to list all spells.
You begin teleporting projectiles to their destination.
The fire elemental is frozen!
The wall freezes the fire elemental.
The fire elemental hits you. The fire elemental burns you!
* * * LOW HITPOINT WARNING * * *
The fire elemental is frozen!
The wall freezes the fire elemental.
The fire elemental hits you. The fire elemental burns you!
You die...

. #...## ###.# ###.
##....# #.# . #(#.#.##...#
#.# .. #.#.#.##..# #.# #.
#.#.#.##.#### .#..∆
#.#.#)#.#....## c.[e{##
#.#.#.#○##.#§..#
#..c(#.#.#.#R#E...#......
∆∆∆ #e#.#.#.#@##.#.#.####
∆ #.#(#.#.#E#.#.##.##
##.#°#.#.# ##.# #####
##.#.#.# #..# #.. ∆ ##.#.#
##..## #.#
###.###..#######.#
##.#°##.###...##.#####
#..#.°#.##.#.○○E.<...# ∆
#....#.#.○...○#°##..###.#.


You could see the friendly Akhenaten the battlemage and 2 fire elementals.

Vanquished Creatures
  Pikel (D:5)
  3 yaks (D:5)
  A sky beast (D:6)
  A black bear (D:6)
  A hornet zombie (D:7)
  2 orc warriors
  2 ogres
  A necrophage (D:4)
  3 centaurs (D:7)
  A phantom (D:5)
  A lemure (D:5)
  A bullfrog (D:6)
  2 scorpions
  7 wights
  4 killer bees (D:6)
  A howler monkey (D:6)
  4 jellies
  2 hounds
  5 orc priests
  5 iguanas
  2 orc wizards
  A killer bee zombie (D:7)
  A hound zombie (D:5)
  A hound skeleton (D:4)
  9 adders
  An ufetubus (D:5)
  A worm (D:2)
  A dart slug (D:1)
  15 orcs
  5 ball pythons
  6 bats
  4 endoplasms
  2 giant cockroaches (D:2)
  5 goblins
  6 hobgoblins
  4 jackals (D:2)
  3 quokkas
  3 frilled lizards
  13 kobolds
  6 rats
  A spectral kobold (D:6)
138 creatures vanquished.

Vanquished Creatures (collateral kills)
  An ugly thing (D:7)
  A wraith (D:7)
  2 yaks (D:5)
  2 sky beasts (D:6)
  An ice beast (D:6)
  A necrophage (D:6)
  A black bear (D:5)
  A bullfrog (D:7)
  A scorpion (D:4)
  2 killer bees (D:6)
  7 wights
  A centaur zombie (D:7)
  A hound (D:5)
  A bullfrog skeleton (D:5)
  2 orcs
25 creatures vanquished.

Vanquished Creatures (others)
  2 battlemagi
  6 ancestors
  3 plants (D:2)
11 creatures vanquished.

Grand Total: 174 creatures vanquished

Notes
Turn   | Place    | Note
-------+----------+-------------------------------------------
     0 | D:1      | croobank the Gnoll Arcane Marksman began the quest for the
                  | Orb.
     0 | D:1      | Reached XP level 1. HP: 17/17 MP: 4/4
    99 | D:1      | Reached XP level 2. HP: 22/23 MP: 5/5
   810 | D:1      | Reached XP level 3. HP: 26/28 MP: 7/7
  1223 | D:2      | Reached skill level 1 in Invocations
  1450 | D:2      | Found a hazy altar of Hepliaklqana.
  1456 | D:2      | Became a worshipper of Hepliaklqana the Forgotten
  1554 | D:2      | Reached skill level 1 in Short Blades
  1554 | D:2      | Reached skill level 1 in Long Blades
  1554 | D:2      | Reached skill level 1 in Axes
  1554 | D:2      | Reached skill level 1 in Maces & Flails
  1554 | D:2      | Reached skill level 1 in Polearms
  1554 | D:2      | Reached skill level 1 in Staves
  1554 | D:2      | Reached skill level 1 in Slings
  1554 | D:2      | Reached skill level 1 in Crossbows
  1554 | D:2      | Reached skill level 1 in Throwing
  1554 | D:2      | Reached skill level 1 in Armour
  1554 | D:2      | Reached skill level 1 in Stealth
  1554 | D:2      | Reached skill level 1 in Shields
  1554 | D:2      | Reached skill level 1 in Unarmed Combat
  1554 | D:2      | Reached skill level 1 in Evocations
  1697 | D:2      | Reached XP level 4. HP: 34/34 MP: 8/8
  2588 | D:3      | Identified the +11 shortbow "Nenung" {speed, Fragile Str+2
                  | Dex+3}
  2631 | D:3      | Reached skill level 1 in Conjurations
  2631 | D:3      | Reached skill level 1 in Summonings
  2631 | D:3      | Reached skill level 1 in Necromancy
  2631 | D:3      | Reached skill level 1 in Translocations
  2631 | D:3      | Reached skill level 1 in Transmutations
  2631 | D:3      | Reached skill level 1 in Fire Magic
  2631 | D:3      | Reached skill level 1 in Ice Magic
  2631 | D:3      | Reached skill level 1 in Air Magic
  2631 | D:3      | Reached skill level 1 in Earth Magic
  2631 | D:3      | Reached skill level 1 in Poison Magic
  2633 | D:3      | Reached XP level 5. HP: 40/40 MP: 9/9
  2715 | D:3      | Reached * piety under Hepliaklqana
  3286 | D:4      | Reached XP level 6. HP: 36/42 MP: 9/11
  3388 | D:4      | Noticed an orc warrior
  3451 | D:4      | Killed an orc warrior
  3452 | D:4      | Reached skill level 5 in Bows
  3452 | D:4      | Reached skill level 5 in Dodging
  3684 | D:4      | Learned a level 1 spell: Freeze
  3689 | D:4      | Learned a level 4 spell: Cause Fear
  3693 | D:4      | Learned a level 3 spell: Frozen Ramparts
  3868 | D:4      | Noticed a necrophage
  3884 | D:4      | Reached XP level 7. HP: 42/46 MP: 10/12
  4137 | D:5      | Entered Level 5 of the Dungeon
  4144 | D:5      | Noticed Pikel
  4164 | D:5      | Killed Pikel
  4165 | D:5      | Reached XP level 8. HP: 54/54 MP: 9/14
  4332 | D:5      | Noticed a yak
  4333 | D:5      | Noticed a yak
  4333 | D:5      | Noticed a yak
  4334 | D:5      | Noticed a yak
  4585 | D:5      | Found a radiant altar of Vehumet.
  4585 | D:5      | Found a blossoming altar of Fedhas.
  4664 | D:5      | Noticed a yak
  4675 | D:5      | Killed a yak
  4678 | D:5      | Killed a yak
  4679 | D:5      | Reached XP level 9. HP: 59/59 MP: 8/16
  4684 | D:5      | Learned a level 4 spell: Hailstorm
  4909 | D:5      | Reached ** piety under Hepliaklqana
  4925 | D:5      | Remembered your ancestor Akhenaten as a battlemage
  5010 | D:5      | Found a sacrificial altar of Ru.
  5185 | D:5      | Reached skill level 5 in Spellcasting
  5189 | D:5      | Reached skill level 5 in Fighting
  5808 | D:6      | Reached skill level 5 in Invocations
  5864 | D:6      | Found a staircase to the Ecumenical Temple.
  5883 | D:6      | Reached XP level 10. HP: 66/66 MP: 18/18
  6110 | D:6      | Found a transporter.
  6171 | D:6      | Found a transporter.
  6307 | D:6      | Reached skill level 5 in Short Blades
  6307 | D:6      | Reached skill level 5 in Long Blades
  6307 | D:6      | Reached skill level 5 in Axes
  6307 | D:6      | Reached skill level 5 in Maces & Flails
  6307 | D:6      | Reached skill level 5 in Polearms
  6307 | D:6      | Reached skill level 5 in Staves
  6307 | D:6      | Reached skill level 5 in Slings
  6307 | D:6      | Reached skill level 5 in Crossbows
  6307 | D:6      | Reached skill level 5 in Throwing
  6307 | D:6      | Reached skill level 5 in Armour
  6307 | D:6      | Reached skill level 5 in Stealth
  6307 | D:6      | Reached skill level 5 in Shields
  6307 | D:6      | Reached skill level 5 in Unarmed Combat
  6307 | D:6      | Reached skill level 5 in Evocations
  6489 | D:6      | Found a hazy altar of Hepliaklqana.
  6540 | D:6      | Found a shimmering blue altar of Sif Muna.
  6555 | D:6      | Found a shimmering altar of Xom.
  6555 | D:6      | Found an ancient bone altar of Kikubaaqudgha.
  6557 | D:6      | Found a sacrificial altar of Ru.
  6557 | D:6      | Found a glowing golden altar of the Shining One.
  6557 | D:6      | Found a hazy altar of Hepliaklqana.
  6788 | D:7      | Noticed a deep elf pyromancer
  6788 | D:7      | Noticed a cyan ugly thing
  6805 | D:7      | Killed a cyan ugly thing
  7191 | D:6      | Learned a level 3 spell: Portal Projectile
  7324 | D:7      | Slain by a fire elemental

Illustrated notes

Levels and vault maps discovered:
D:1:      eino_arrival_water_star, layout_rooms
D:2:      layout_loops_corners, serial_forest, infiniplex_forest_lined_4_way,
          infiniplex_forest_corner_2, infiniplex_forest_straight_3,
          infiniplex_forest_clump_diagonal, infiniplex_forest_clump_curved,
          infiniplex_forest_straight_1, infiniplex_forest_clump_diagonal,
          basic_altar
D:3:      layout_rooms
D:4:      layout_basic
D:5:      layout_layer_cave, mainiacjoe_overflow_six_doors_small,
          chequers_temple_overflow_statue_of_worship, uniq_pikel
D:6:      gammafunk_steamed_eel, layout_loops_ring,
          nicolae_hepliaklqana_monster_ancestors, doesnt_xom_only_xom,
          minmay_temple_entry_tees, roderic_serpentine_path
D:7:      minmay_the_grid_octo_tiled_squarecenter
          [minmay_the_grid_octo_vomiting_pacman, minmay_the_grid_octo_pinwheel,
          minmay_the_grid_octo_checkered, minmay_the_grid_octo_chip,
          minmay_the_grid_square_5x5_megaprize_crossed,
          minmay_the_grid_square_5x5_minibox,
          minmay_the_grid_square_5x5_checkered_sparse,
          minmay_the_grid_square_5x5_percent, minmay_the_grid_square_5x5_v],
          layout_loops_corners

Skill      XL: |  1  2  3  4  5  6  7  8  9 10 |
---------------+-------------------------------+-----
Invocations    | 1 2 3 4 5 6 |  6.0
Short Blades   | 1 2 3 4 5 |  5.4
Long Blades    | 1 2 3 4 5 |  5.4
Axes           | 1 2 3 4 5 |  5.4
Maces & Flails | 1 2 3 4 5 |  5.4
Polearms       | 1 2 3 4 5 |  5.4
Staves         | 1 2 3 4 5 |  5.4
Slings         | 1 2 3 4 5 |  5.4
Crossbows      | 1 2 3 4 5 |  5.4
Throwing       | 1 2 3 4 5 |  5.4
Armour         | 1 2 3 4 5 |  5.4
Stealth        | 1 2 3 4 5 |  5.4
Shields        | 1 2 3 4 5 |  5.4
Unarmed Combat | 1 2 3 4 5 |  5.4
Evocations     | 1 2 3 4 5 |  5.4
Spellcasting   | 3 4 5 6 |  6.2
Conjurations   | 1 2 3 4 |  4.4
Summonings     | 1 2 3 4 |  4.4
Necromancy     | 1 2 3 4 |  4.4
Translocations | 1 2 3 4 |  4.4
Transmutations | 1 2 3 4 |  4.4
Fire Magic     | 1 2 3 4 |  4.4
Ice Magic      | 1 2 3 4 |  4.4
Air Magic      | 1 2 3 4 |  4.4
Earth Magic    | 1 2 3 4 |  4.4
Poison Magic   | 1 2 3 4 |  4.4
Fighting       | 3 4 5 6 |  6.1
Bows           | 5 6 7 |  7.2
Dodging        | 5 6 7 |  7.2
Hexes          | 6 7 |  7.1

Action                   |  1- 3 |  4- 6 |  7- 9 | 10-12 || total
-------------------------+-------+-------+-------+-------++-------
Melee: Dagger            |   119 |    16 |       |       ||   135
       Bite              |     9 |     1 |       |       ||    10
       Punch             |     2 |       |       |       ||     2
 Fire: Shortbow          |    32 |   135 |   164 |    70 ||   401
Throw: Javelin           |       |       |       |     6 ||     6
       Stone             |       |       |       |     4 ||     4
       Boomerang         |       |       |       |     2 ||     2
 Cast: Slow              |     6 |     9 |    24 |    11 ||    50
       Freeze            |       |       |     1 |     6 ||     7
       Frozen Ramparts   |       |       |     1 |     3 ||     4
       Portal Projectile |       |       |       |     1 ||     1
Invok: Ancestor Life: Ba |       |       |     1 |       ||     1
  Use: Potion            |     2 |       |       |     3 ||     5
       Scroll            |       |     3 |     2 |     1 ||     6
Armor: Robe              |    23 |       |       |       ||    23
       Leather armour    |     7 |     5 |       |    20 ||    32
Dodge: Dodged            |    62 |    18 |     8 |    32 ||   120

Table legend: (Time is in decaauts)
 A = Elapsed time spent in this place.
 B = Non-inter-level travel time spent in this place.
 C = Inter-level travel time spent in this place.
 D = Time resting spent in this place.
 E = Time spent auto-exploring this place.
 F = Levels seen in this place.
 G = Mean time per level.
                   A        B        C        D        E       F      G
               +--------+--------+--------+--------+--------+-----+--------+
         Total |   7144 |   6830 |    314 |    690 |   4519 |   7 | 1020.6 |
       Dungeon |   7144 |   6830 |    314 |    690 |   4519 |   7 | 1020.6 |
               +--------+--------+--------+--------+--------+-----+--------+

Top non-repeatable levels by time:
     D:2: 1579 daAuts
     D:5: 1458 daAuts
     D:6: 1314 daAuts
     D:4: 1010 daAuts
     D:1: 957 daAuts
     D:3: 585 daAuts
     D:7: 237 daAuts
